 Dungeon Crawl Stone Soup version 0.31-a0-818-ge7c7cf74f0 (webtiles) character file.

Game seed: 18370968491825404969

2525 Strat the Slicer (level 9, 0/45 HPs)
             Began as a Vine Stalker Brigand on Sept 22, 2023.
             Was a High Priest of Uskayaw.
             Slain by Maggie
             ... wielding a +0 long sword of distortion
              (5 damage)
             ... on level 8 of the Dungeon.
             The game lasted 00:17:50 (7401 turns).

Strat the Slicer (Vine Stalker Brigand)             Turns: 7401, Time: 00:17:51

Health: 0/45       AC:  7    Str: 14    XL:     9   Next: 54%
Magic:  0/10       EV: 11    Int: 11    God:    Uskayaw [*****.]
Gold:   598        SH:  5    Dex: 20    Spells: 8/8 levels left

rFire   + . .        a - +2 dagger (vamp)
rCold   + . .        s - +0 buckler
rNeg    . . .        i - +2 robe {rC+ rF+}
rPois   .            n - +1 helmet
rElec   .            c - +0 cloak
rCorr   .            (no gloves)
SInv    .            (no boots)
Will    ++...        (no amulet)
Stlth   ++++         (no ring)
HPRegen 1.07/turn    (no ring)
MPRegen 0.12/turn

%: guardian spirit
@: about to teleport, enlightened, flying, mesmerised, hasted, very quick
A: fangs 3, regeneration 1, magic shield, antimagic bite, no potion heal 2
a: Renounce Religion, Stomp, Line Pass, Grand Finale


You were on level 8 of the Dungeon.
You worshipped Uskayaw.
Uskayaw was noncommittal.
You visited 1 branch of the dungeon, and saw 8 of its levels.
You also visited: Sewer.

You collected 598 gold pieces.

Inventory:

Hand Weapons
 a - a +2 vampiric dagger (weapon)
Missiles
 d - 13 poisoned darts
 e - 4 curare-tipped darts (quivered)
Armour
 c - a +0 cloak (worn)
 i - a +2 robe of resistance (worn)
 m - +0 steam dragon scales
 n - a +1 helmet (worn)
 s - a +0 buckler (worn)
Jewellery
 t - a ring of wizardry
 u - a ring of ice
Wands
 o - a wand of flame (18)
Scrolls
 b - a scroll of enchant armour
 h - 2 scrolls of amnesia
 l - 3 scrolls of fog
 v - 3 scrolls of identify
 w - a scroll of vulnerability
 y - a scroll of revelation
 B - a scroll of teleportation
Potions
 f - 3 potions of curing
 g - 2 potions of mutation
 j - 2 potions of lignification
 k - a potion of ambrosia
 p - a potion of brilliance
 q - a potion of berserk rage
 r - a potion of magic


   Skills:
 + Level 4.1 Fighting
 - Level 10.0 Short Blades
 - Level 1.7 Throwing
 + Level 1.2 Dodging
 * Level 8.3 Stealth


You had 8 spell levels left.
You didn't know any spells.
Your spell library contained the following spells:

 Spells                   Type           Power      Damage    Failure   Level
 Magic Dart               Conj           0%         1d3       43%         1
 Call Imp                 Summ           0%         N/A       58%         2
 Call Canine Familiar     Summ           0%         N/A       82%         3
 Mephitic Cloud           Conj/Pois/Air  0%         N/A       82%         3
 Sigil of Binding         Hex            0%         N/A       82%         3
 Dimensional Bullseye     Hex/Tloc       0%         N/A       99%         4
 Leda's Liquefaction      Hex/Erth       0%         N/A       99%         4


Dungeon Overview and Level Annotations

Branches:
Dungeon (8/15)             Temple (0/1) D:6           Sewer (visited)
   Lair: D:8-11

Altars:
Dithmenos
Kikubaaqudgha
Uskayaw

Annotations:
D:3 2 runed translucent doors, Age's ghost, weakling MiFi
D:4 2 runed translucent doors, lunkers's ghost, amateur MeEE
D:8 Maggie


Innate Abilities, Weirdness & Mutations

You have razor-sharp teeth.
Your natural rate of healing is unusually fast.
When hurt, damage is shared between your health and your magic reserves.
Your bite disrupts and absorbs the magic of your enemies.
Potions cannot restore your health.


Message History

Maggie is lightly wounded.
You feel very buoyant.
You fly up into the air.
You feel yourself speed up.
Maggie mumbles some strange words.
Maggie draws you further into her thrall.
Aiming: Throw Flame
Press: ? - help, Shift-Dir - straight line, f/p - Maggie
Aim: Maggie, wielding a +0 long sword of distortion and wearing +1 swamp dragon scales (lightly wounded, mesmerising, 72% to hit)
The puff of flame hits Maggie.
Maggie is lightly wounded.
Aiming: Throw Flame
Press: ? - help, Shift-Dir - straight line, f/p - Maggie
Aim: Maggie, wielding a +0 long sword of distortion and wearing +1 swamp dragon scales (lightly wounded, mesmerising, 72% to hit)
The puff of flame hits Maggie.
Maggie is lightly wounded.
Aiming: Throw Flame
Press: ? - help, Shift-Dir - straight line, f/p - Maggie
Aim: Maggie, wielding a +0 long sword of distortion and wearing +1 swamp dragon scales (lightly wounded, mesmerising, 72% to hit)
The puff of flame hits Maggie but does no damage.
Maggie is lightly wounded.
You cannot move away from Maggie!
Maggie hits you with a +0 long sword of distortion.
Space warps horribly around you!
* * * LOW HITPOINT WARNING * * *
You closely miss Maggie.
Maggie is lightly wounded.
You hit Maggie but do no damage.
Maggie is lightly wounded.
Maggie hits you with a +0 long sword of distortion.
* * * LOW HITPOINT WARNING * * *
Space warps horribly around you!!
* * * LOW HITPOINT WARNING * * *
You hit Maggie but do no damage. Your bite misses Maggie.
Maggie is lightly wounded.
Unknown command.
As you read the scroll of teleportation, it crumbles to dust.
You feel strangely unstable.
Maggie hits you with a +0 long sword of distortion.
You die...

# ###. ##.#...
.......## # #......# #.
#. #.# #..##.# #.# ####
..... #.# ###... .?
#... ##@####...###..
...#...##@†)...........
#.....<..............
##)...#...##.#....#
.......#.####.....##
####...<.# ###...#
#...#.. #...# #...##.
#...# .... .. #...#
###.. #. ..o..#


You could see Maggie (mesmerising).

Vanquished Creatures
  Sigmund (D:4)
  A steam dragon (D:7)
  Edmund (D:4)
  A water moccasin (D:7)
  A black bear (D:4)
  2 sky beasts
  An ice beast (D:7)
  3 centaurs
  2 ogres
  A phantom (D:6)
  2 kobold brigands (Sewer)
  2 bullfrogs (D:6)
  A scorpion (D:7)
  5 howler monkeys
  2 orc priests (D:7)
  2 hounds
  A gnoll bouda (D:6)
  3 sleepcaps
  3 iguanas
  2 orc wizards
  Robin (D:2)
  4 gnolls (D:6)
  2 river rats (Sewer)
  9 adders
  3 white imps
  3 worms
  30 orcs
  11 ball pythons
  5 endoplasms
  5 giant cockroaches
  9 goblins
  10 hobgoblins
  3 quokkas
  6 bats
  5 frilled lizards
  10 kobolds
  8 rats
161 creatures vanquished.

Notes
Turn   | Place    | Note
-------+----------+-------------------------------------------
     0 | D:1      | Strat the Vine Stalker Brigand began the quest for the Orb.
     0 | D:1      | Reached XP level 1. HP: 11/11 MP: 2/2
   137 | D:1      | Reached skill level 2 in Short Blades
   289 | D:1      | Reached XP level 2. HP: 15/15 MP: 3/3
   946 | D:2      | Reached XP level 3. HP: 10/18 MP: 1/4
  1538 | D:2      | Noticed Robin
  1556 | D:2      | Killed Robin
  1557 | D:2      | Reached skill level 3 in Short Blades
  1588 | D:2      | Reached XP level 4. HP: 23/23 MP: 2/5
  2362 | D:2      | Reached XP level 5. HP: 20/28 MP: 3/6
  2441 | D:3      | Reached skill level 4 in Short Blades
  2624 | D:3      | Found an ancient bone altar of Kikubaaqudgha.
  2793 | D:3      | Found a runed translucent door.
  2798 | D:3      | Noticed Age's ghost (weakling MiFi)
  2851 | D:3      | Found a runed translucent door.
  3003 | D:4      | Noticed an ogre
  3088 | D:4      | Found a glowing drain.
  3137 | Sewer    | Entered a sewer
  3213 | Sewer    | Noticed a kobold brigand
  3213 | Sewer    | Noticed a kobold brigand
  3224 | Sewer    | Killed a kobold brigand
  3225 | Sewer    | Reached XP level 6. HP: 23/32 MP: 5/7
  3386 | Sewer    | Reached skill level 5 in Short Blades
  3707 | D:4      | Noticed Edmund
  3832 | D:4      | Noticed Sigmund
  3864 | D:4      | Killed Sigmund
  3865 | D:4      | Reached skill level 6 in Short Blades
  3865 | D:4      | Reached XP level 7. HP: 16/37 MP: 8/8
  3976 | D:4      | Killed Edmund
  4107 | D:4      | Reached skill level 7 in Short Blades
  4180 | D:4      | Gained mutation: You have razor-sharp teeth. [Vine Stalker
                  | growth]
  4180 | D:4      | Reached XP level 8. HP: 36/42 MP: 9/9
  4563 | D:4      | Reached skill level 8 in Short Blades
  4633 | D:4      | Found a large runed translucent door.
  4634 | D:4      | Found a large runed translucent door.
  4637 | D:4      | Noticed lunkers's ghost (amateur MeEE)
  4828 | D:5      | Entered Level 5 of the Dungeon
  4992 | D:5      | Found a shadowy altar of Dithmenos.
  5107 | D:5      | Reached skill level 5 in Stealth
  5299 | D:5      | Found a hide-covered altar of Uskayaw.
  5309 | D:5      | Became a worshipper of Uskayaw the Reveller
  5567 | D:6      | Reached * piety under Uskayaw
  5604 | D:6      | Reached ** piety under Uskayaw
  5608 | D:6      | Reached *** piety under Uskayaw
  5829 | D:6      | Found a staircase to the Ecumenical Temple.
  6071 | D:6      | Reached skill level 9 in Short Blades
  6364 | D:7      | Reached XP level 9. HP: 45/45 MP: 10/10
  7148 | D:7      | Reached skill level 10 in Short Blades
  7375 | D:8      | Reached skill level 1 in Dodging
  7377 | D:8      | Reached **** piety under Uskayaw
  7382 | D:8      | Reached ***** piety under Uskayaw
  7386 | D:8      | Noticed Maggie
  7401 | D:8      | Slain by Maggie

Illustrated notes

Levels and vault maps discovered:
D:1:      lightli_arrival_quake, layout_rooms
D:2:      layout_basic, minmay_pentomino_x4, uniq_robin
D:3:      layout_loops_ring, mainiacjoe_overflow_surrounded_room,
          ebering_ghost_sewer_f
D:4:      kennysheep_spiral_hall, layout_loops_ring, portal_sewer_entry_a,
          ebering_ghost_disaster_area, sigmund_edmund_badplayer
D:5:      layout_cave_pools, mainiacjoe_overflow_six_doors_small,
          amcnicky_altar_gilded
D:6:      layout_loops_corners, minmay_temple_entry_statues_pillars
D:7:      layout_loops_corners
D:8:      layout_rooms, nicolae_qazlal_style_of_elements, david_lair_generic,
          uniq_maggie

Skill      XL: |  1  2  3  4  5  6  7  8  9 |
---------------+----------------------------+-----
Short Blades   | 2 3 4 6 7 9 10 | 10.0
Fighting       | 2 3 4 |  4.1
Stealth        | 6 8 |  8.3
Dodging        | 1 |  1.2
Throwing       | |  1.7

Action                     |  1- 3 |  4- 6 |  7- 9 || total
---------------------------+-------+-------+-------++-------
  Melee: Dagger            |    95 |   234 |   294 ||   623
         Bite              |    16 |    44 |   103 ||   163
  Throw: Dart              |       |       |     6 ||     6
  Evoke: Wand              |       |     5 |     5 ||    10
    Use: Scroll            |       |    11 |    13 ||    24
         Potion            |       |     2 |     2 ||     4
   Stab: Sleeping          |     6 |     9 |    12 ||    27
         Paralysed         |       |       |     3 ||     3
 Armour: Robe              |    46 |   100 |   123 ||   269
         Leather armour    |       |    10 |       ||    10
  Dodge: Dodged            |    46 |    92 |    90 ||   228
  Block: Buckler           |       |       |    15 ||    15

Table legend: (Time is in decaauts)
 A = Elapsed time spent in this place.
 B = Non-inter-level travel time spent in this place.
 C = Inter-level travel time spent in this place.
 D = Time resting spent in this place.
 E = Time spent auto-exploring this place.
 F = Levels seen in this place.
 G = Mean time per level.
                   A        B        C        D        E       F      G
               +--------+--------+--------+--------+--------+-----+--------+
         Total |   7272 |   6852 |    420 |    257 |   4444 |   9 |  808.0 |
       Dungeon |   6776 |   6356 |    420 |    152 |   4319 |   8 |  847.0 |
         Sewer |    495 |    495 |      0 |    104 |    125 |   1 |  495.0 |
               +--------+--------+--------+--------+--------+-----+--------+

Top non-repeatable levels by time:
     D:2: 1417 daAuts
     D:4: 1271 daAuts
     D:3: 967 daAuts
     D:7: 965 daAuts
     D:6: 915 daAuts
     D:1: 626 daAuts
     D:5: 557 daAuts
   Sewer: 495 daAuts
     D:8: 55 daAuts
